 Dungeon Crawl Stone Soup version 0.26-a0-964-g69f9a3b9e2 (webtiles) character file.

Game seed: 7215563913021955272

121 DatorSojat the Chopper (level 4, -1/41 HPs)
             Began as a Minotaur Monk on Dec 2, 2020.
             Slain by a big kobold zombie (5 damage)
             ... in an ossuary.
             The game lasted 00:01:53 (1041 turns).

DatorSojat the Chopper (Minotaur Monk)              Turns: 1041, Time: 00:01:54

Health: -1/41      AC:  2    Str: 17    XL:     4   Next: 76%
Magic:  3/3        EV: 13    Int:  7    God:
Gold:   54         SH:  8    Dex: 12    Spells: 3/3 levels left

rFire    . . .     SeeInvis .   a - +0 hand axe
rCold    . . .     Faith    .   m - +0 buckler
rNeg     . . .     Spirit   .   b - +0 robe
rPois    .         Reflect  +   (helmet restricted)
rElec    .         Harm     .   (no cloak)
rCorr    .         Rampage  .   (no gloves)
MR       .....                  (no boots)
Stlth    ++........             l - amulet of reflection
HPRegen  0.13/turn              (no ring)
MPRegen  0.08/turn              (no ring)

@: mighty, brilliant
A: retaliatory headbutt, horns 2
a: no special abilities


You were in an ossuary.
You visited 1 branch of the dungeon, and saw 4 of its levels.
You also visited: Ossuary.

You collected 54 gold pieces.

Inventory:

Hand Weapons
 a - a +0 hand axe (weapon)
Armour
 b - a +0 robe (worn)
 m - a +0 buckler (worn)
Jewellery
 l - an amulet of reflection (around neck)
Wands
 i - a wand of digging (9)
Scrolls
 c - a scroll of teleportation {unknown}
 d - a scroll of amnesia {unknown}
 e - a scroll of remove curse {unknown}
 f - a scroll of enchant weapon {unknown}
 p - a scroll of identify {unknown}
Potions
 g - a potion of curing {unknown}
 h - a potion of attraction {unknown}
 k - a potion of brilliance
 n - a potion of flight {unknown}
 o - a potion of haste {unknown}


   Skills:
 + Level 4.4 Fighting
 * Level 5.1 Axes
 + Level 2.2 Armour
 + Level 4.0 Dodging
 - Level 1.5 Stealth


You had 3 spell levels left.
You didn't know any spells.
Your spell library was empty.

Dungeon Overview and Level Annotations

Branches:
Dungeon (4/15)            Ossuary (1/1)
 Temple: D:4-7

Altars:


Innate Abilities, Weirdness & Mutations

You reflexively headbutt those who attack you in melee.
You have a pair of horns on your head.


Message History

You destroy the hobgoblin zombie!
You hit the big kobold zombie. You slash the adder zombie!
You destroy the adder zombie!
The big kobold zombie hits you.
* * * LOW HITPOINT WARNING * * *
The big kobold zombie hits you.
* * * LOW HITPOINT WARNING * * *
You block the rat zombie's attack.
You barely miss the big kobold zombie.
The big kobold zombie is moderately damaged.
You hit the big kobold zombie. You slash the rat zombie!
You destroy the rat zombie!
The big kobold zombie hits you but does no damage.
You block the big kobold zombie's attack.
You slash the big kobold zombie! You headbutt the big kobold zombie!
The big kobold zombie is heavily damaged.
You barely miss the big kobold zombie. You slash the big kobold zombie!
The big kobold zombie barely misses you.
The big kobold zombie hits you.
You die...

......#####....
................
................
#...............
#...............
................
........Z.......
.......@∩....Z..
......ZZ∩.......
................
................
................
................
#...............
#...............
...............


You could see 3 big kobold zombies and an orc zombie.

Vanquished Creatures
  A howler monkey (D:4)
  A worker ant (D:4)
  A hound zombie (Ossuary)
  2 adders
  2 adder zombies (Ossuary)
  A worm (D:3)
  A dart slug (D:1)
  5 bats
  2 quokkas
  A ball python (D:1)
  A hobgoblin zombie (Ossuary)
  A jackal zombie (Ossuary)
  2 orc zombies (Ossuary)
  2 rats
  A rat zombie (Ossuary)
24 creatures vanquished.

Notes
Turn   | Place    | Note
-------+----------+-------------------------------------------
     0 | D:1      | DatorSojat the Minotaur Monk began the quest for the Orb.
     0 | D:1      | Reached XP level 1. HP: 19/19 MP: 0/0
   130 | D:2      | Reached skill level 4 in Axes
   130 | D:2      | Reached XP level 2. HP: 24/27 MP: 1/1
   229 | D:2      | Reached skill level 1 in Armour
   626 | D:4      | Noticed a howler monkey
   632 | D:4      | Reached XP level 3. HP: 32/33 MP: 2/2
   954 | D:4      | Reached XP level 4. HP: 30/40 MP: 3/3
   954 | D:4      | Noticed a phantom
  1025 | D:4      | Found a sand-covered staircase.
  1031 | Ossuary  | Entered an ossuary
  1039 | Ossuary  | Reached skill level 5 in Axes
  1041 | Ossuary  | Slain by a big kobold zombie

Illustrated notes

Levels and vault maps discovered:
D:1:      kennysheep_arrival_forest, layout_rooms, minmay_circled_x
D:2:      layout_loops_cross, guppyfry_early_lair_pool, uniq_natasha
D:3:      layout_loops_ring, riverfiend_overflow_shadow_ancestor,
          lemuel_doored_altar, lemuel_crystal_altar
D:4:      layout_basic, gammafunk_temple_overflow_pools,
          gup_ossuary_entry_pyramid, serial_shops, kennysheep_mini_moat,
          minivault_4, minmay_goblin_kobold_house
Ossuary:  ossuary_minmay_tomb_2a

Skill      XL: |  1  2  3  4 |
---------------+-------------+-----
Axes           | 4 5 |  5.1
Armour         | 1 2 |  2.2
Fighting       | 4 |  4.4
Dodging        | 4 |  4.0
Stealth        | |  1.5

Action                   |  1- 3 |  4- 6 || total
-------------------------+-------+-------++-------
Melee: Hand axe          |    43 |     9 ||    52
       Headbutt          |     6 |     1 ||     7
  Use: Potion            |       |     2 ||     2
 Stab: Sleeping          |     3 |       ||     3
Armor: Robe              |     8 |     1 ||     9
Dodge: Dodged            |    22 |    11 ||    33
Block: Buckler           |     5 |     9 ||    14

Table legend: (Time is in decaauts)
 A = Elapsed time spent in this place.
 B = Non-inter-level travel time spent in this place.
 C = Inter-level travel time spent in this place.
 D = Time resting spent in this place.
 E = Time spent auto-exploring this place.
 F = Levels seen in this place.
 G = Mean time per level.
                   A        B        C        D        E       F      G
               +--------+--------+--------+--------+--------+-----+--------+
         Total |   1046 |   1041 |      5 |    517 |    295 |   5 |  209.2 |
       Dungeon |   1036 |   1031 |      5 |    517 |    295 |   4 |  259.0 |
       Ossuary |     10 |     10 |      0 |      0 |      0 |   1 |   10.0 |
               +--------+--------+--------+--------+--------+-----+--------+

Top non-repeatable levels by time:
     D:3: 634 daAuts
     D:2: 258 daAuts
     D:4: 100 daAuts
     D:1: 42 daAuts
 Ossuary: 10 daAuts
